 Dungeon Crawl Stone Soup version 0.28-a0-224-g76b539d98b (webtiles) character file.

Game seed: 10721939926627915780

430 Sabo the Chopper (level 6, -13/47 HPs)
             Began as a Demonspawn Gladiator on Aug 21, 2021.
             Was an Initiate of Gozag.
             Blown up by Ijyb (21 damage)
             ... with a mindburst bolt
             ... on level 4 of the Dungeon.
             The game lasted 00:19:37 (4409 turns).

Sabo the Chopper (Demonspawn Gladiator)             Turns: 4409, Time: 00:19:38

Health: -13/47     AC:  7    Str: 15    XL:     6   Next: 66%
Magic:  6/6        EV: 15    Int: 10    God:    Gozag
Gold:   416        SH:  0    Dex: 15    Spells: 5/5 levels left

rFire   . . .      SeeInvis .   e - +2 short sword (freeze)
rCold   . . .      Faith    .   (no shield)
rNeg    . . .      Spirit   .   i - +0 scale mail
rPois   .          Reflect  .   c - +0 helmet
rElec   .          Harm     .   (no cloak)
rCorr   .          Rampage  .   (no gloves)
Will    .....                   (no boots)
Stlth   ..........              r - amulet of regeneration
HPRegen 1.15/turn               (no ring)
MPRegen 0.10/turn               (no ring)

@: agile
A: powered by pain 2
a: Renounce Religion, Potion Petition, Call Merchant, Bribe Branch


You were on level 4 of the Dungeon.
You worshipped Gozag.
Gozag was aware of your devotion.
You visited 1 branch of the dungeon, and saw 4 of its levels.

You collected 416 gold pieces.

Inventory:

Hand Weapons
 a - a +0 war axe
 e - a +2 short sword of freezing (weapon)
 q - a +0 hunting sling
 y - a +0 glaive
 A - the +3 sling "Punk" {acid, rCorr}
   (You took it off a hobgoblin on level 4 of the Dungeon)

   Any ammunition fired from it is coated in acid, damaging and corroding those
   it strikes.
   rCorr:     It protects you from acid and corrosion.
Missiles
 d - 3 throwing nets (quivered)
 f - 14 stones
 g - 13 bolts
 t - 17 sling bullets
 w - 3 poisoned darts
Armour
 c - a +0 helmet (worn)
 i - a +0 scale mail (worn)
Jewellery
 m - an amulet of guardian spirit
 r - an amulet of regeneration (around neck)
Wands
 p - a wand of digging (5)
 u - a wand of flame (22)
Scrolls
 j - 2 scrolls of teleportation
 l - a scroll of blinking {unknown}
 B - a scroll of identify
Potions
 b - a potion of degeneration {unknown}
 h - 2 potions of flight
 k - a potion of lignification {unknown}
 n - a potion of mutation {unknown}
 o - 4 potions of brilliance {unknown}
 s - a potion of invisibility
 v - a potion of haste {unknown}
 x - 2 potions of might {unknown}
 z - a potion of attraction {unknown}


   Skills:
 + Level 3.1 Fighting
 + Level 0.7 Short Blades
 + Level 5.1 Axes
 + Level 1.9 Throwing
 + Level 2.6 Armour
 + Level 3.5 Dodging
 + Level 0.2 Stealth


You had 5 spell levels left.
You didn't know any spells.
Your spell library was empty.

Dungeon Overview and Level Annotations

Branches:
Dungeon (4/15)
 Temple: D:4-7

Altars:
Gozag
Sif Muna
Uskayaw
Vehumet
Wu Jian
Xom

Shops:
D:2 :

Annotations:
D:4 Ijyb


Innate Abilities, Weirdness & Mutations

You sometimes gain power by taking damage.


Message History

You kill the endoplasm!
You now have 396 gold pieces (gained 4).
o - 4 lumpy green potions (gained 2)
You now have enough gold to petition Gozag for potion effects.
You now have 406 gold pieces (gained 10).
B - a scroll of identify You now have 416 gold pieces (gained 10).
Found a stone staircase leading down.
Ijyb the Twisted Goblin comes into view.
She is wielding a +0 dagger and carrying a wand of mindburst (11).
Ijyb shouts!
Ijyb zaps a wand.
Your mind is blasted!
You hit Ijyb. You freeze Ijyb.
Ijyb is moderately wounded.
Ijyb closely misses you.
You hit Ijyb. You freeze Ijyb.
Ijyb is heavily wounded.
Ijyb hits you but does no damage.
You hit Ijyb. You freeze Ijyb.
Ijyb is heavily wounded.
Ijyb zaps a wand.
Your mind is blasted!
You closely miss Ijyb.
Ijyb is heavily wounded.
A giant cockroach comes into view.
Ijyb hits you but does no damage.
You barely miss Ijyb.
Ijyb is heavily wounded.
Ijyb barely misses you.
You completely miss Ijyb.
Ijyb is heavily wounded.
Ijyb hits you with a +0 dagger.
You hit Ijyb. You freeze Ijyb.
Ijyb is almost dead.
Ijyb zaps a wand.
Your mind is blasted!
* * * LOW HITPOINT WARNING * * *
You focus on the pain.
You feel agile all of a sudden.
You barely miss Ijyb.
Ijyb is almost dead.
Ijyb zaps a wand.
Your mind is blasted!
You die...

######..##.# #.#
#........#.. ...
#..........# #.#
##.......#.# ...
#.......#.# #.#
#.......# . #B#
#.......#
#g######.......##
#@.......####...##
#..#####.# #.....
#..#####.# #...##
#.....##.# ##.##
##.##.##.# #.#
#.......# ...
####.#### .#.##
#..> ....# #####
## ###


You could see Ijyb and a giant cockroach.

Vanquished Creatures
  Sigmund (D:2)
  A howler monkey (D:4)
  A hound (D:4)
  An orc priest (D:4)
  Jessica (D:3)
  Terence (D:3)
  A hound skeleton (D:4)
  A hound zombie (D:3)
  3 adders
  An adder zombie (D:3)
  2 adder skeletons (D:4)
  3 dart slugs
  2 orcs (D:3)
  5 ball pythons
  5 bats
  9 endoplasms
  5 giant cockroaches
  5 goblins
  4 hobgoblins
  3 jackals (D:4)
  3 quokkas
  A ball python zombie (D:3)
  4 kobolds
  3 rats
66 creatures vanquished.

Vanquished Creatures (others)
  2 withered plants (D:3)
2 creatures vanquished.

Grand Total: 68 creatures vanquished

Notes
Turn   | Place    | Note
-------+----------+-------------------------------------------
     0 | D:1      | Sabo the Demonspawn Gladiator began the quest for the Orb.
     0 | D:1      | Reached XP level 1. HP: 16/16 MP: 1/1
   488 | D:1      | Gained mutation: You sometimes gain a little power by
                  | taking damage. [demonic ancestry]
   488 | D:1      | Reached XP level 2. HP: 22/22 MP: 2/2
   553 | D:1      | Reached skill level 3 in Axes
  1491 | D:1      | Found a faded altar of an unknown god.
  1504 | D:1      | Became a worshipper of Gozag Ym Sagoz the Greedy
  1931 | D:2      | Found a shimmering blue altar of Sif Muna.
  2081 | D:2      | Reached XP level 3. HP: 27/27 MP: 3/3
  2081 | D:2      | Found Geffai's Book Shop.
  2413 | D:2      | Noticed Sigmund
  2440 | D:2      | Killed Sigmund
  2441 | D:2      | Reached skill level 4 in Axes
  2441 | D:2      | Reached skill level 1 in Armour
  2441 | D:2      | Gained mutation: You sometimes gain power by taking damage.
                  | [demonic ancestry]
  2441 | D:2      | Reached XP level 4. HP: 14/34 MP: 4/4
  2441 | D:2      | Reached XP level 5. HP: 16/39 MP: 5/5
  2881 | D:3      | Found a radiant altar of Vehumet.
  2921 | D:3      | Found a shimmering blue altar of Sif Muna.
  3215 | D:3      | Noticed Terence
  3234 | D:3      | Killed Terence
  3295 | D:3      | Noticed Jessica
  3305 | D:3      | Killed Jessica
  3376 | D:3      | Reached XP level 6. HP: 46/46 MP: 6/6
  3519 | D:3      | Found an ornate altar of the Wu Jian Council.
  3525 | D:3      | Noticed a spectral centipede
  3525 | D:3      | Noticed a spectral black mamba
  3525 | D:3      | Noticed a spectral cane toad
  3886 | D:4      | Reached skill level 5 in Axes
  4321 | D:4      | Found a hide-covered altar of Uskayaw.
  4321 | D:4      | Found a shimmering altar of Xom.
  4398 | D:4      | Noticed Ijyb
  4409 | D:4      | Blown up by Ijyb

Illustrated notes

Levels and vault maps discovered:
D:1:      saegor_arrival_simple_c, layout_basic,
          dreamdust_ecumenical_altar_angels_and_demons
D:2:      layout_loops_ring, serial_shops, nicolae_square_shop, basic_altar,
          uniq_sigmund
D:3:      layout_rooms, nicolae_vehumet_altar_sigil,
          pdpol_wu_jian_five_deadly_venoms, mainiacjoe_overflow_surrounded_room,
          serial_undead, serial_undead_f, serial_undead_d, serial_undead_b,
          serial_undead_a, minmay_misc_feat_four_crosses,
          kennysheep_generic_room_11, uniq_terence, uniq_jessica
D:4:      minmay_evil_eye, layout_loops_cross,
          gammafunk_temple_overflow_elements, minmay_misc_feat_x, uniq_ijyb

Skill      XL: |  1  2  3  4  5  6 |
---------------+-------------------+-----
Axes           | 3 4 5 |  5.1
Dodging        | 3 |  3.5
Armour         | 1 2 |  2.6
Fighting       | 3 |  3.1
Short Blades   | |  0.7
Throwing       | |  1.9
Stealth        | |  0.2

Action                   |  1- 3 |  4- 6 || total
-------------------------+-------+-------++-------
Melee: War axe           |    78 |    62 ||   140
       Short sword       |       |   100 ||   100
Throw: Throwing net      |     3 |       ||     3
  Use: Scroll            |       |     5 ||     5
 Stab: Held in net/web   |     1 |       ||     1
Armor: Leather armour    |     3 |       ||     3
       Scale mail        |    31 |    72 ||   103
Dodge: Dodged            |    48 |    90 ||   138

Table legend: (Time is in decaauts)
 A = Elapsed time spent in this place.
 B = Non-inter-level travel time spent in this place.
 C = Inter-level travel time spent in this place.
 D = Time resting spent in this place.
 E = Time spent auto-exploring this place.
 F = Levels seen in this place.
 G = Mean time per level.
                   A        B        C        D        E       F      G
               +--------+--------+--------+--------+--------+-----+--------+
         Total |   4466 |   4466 |      0 |   1070 |      0 |   4 | 1116.5 |
       Dungeon |   4466 |   4466 |      0 |   1070 |      0 |   4 | 1116.5 |
               +--------+--------+--------+--------+--------+-----+--------+

Top non-repeatable levels by time:
     D:1: 1949 daAuts
     D:3: 979 daAuts
     D:2: 921 daAuts
     D:4: 615 daAuts
